| TOP OF THE 1ST |
|
Harrisburg Senators batting - Pitching for Pensacola Blue Wahoos : RHP Jesus Moreno
|
|
Pitching: RHP Jesus Moreno
|
|
|
Batting: LHB Vince McLane
|
0-0: Called Strike 0-1: Ground out 4-3 (Groundball, 4, EV 99.4 MPH)
|
|
Batting: RHB Er Le
|
0-0: Ball 1-0: Foul Ball, location: 2F 1-1: Ball 2-1: Ball 3-1: Foul Ball, location: 2F 3-2: Ground out 6-3 (Groundball, 6, EV 88.1 MPH)
|
|
Batting: LHB Kevin Kantor
|
0-0: Ball 1-0: Foul Ball, location: 2F 1-1: Foul Ball, location: 2F 1-2: Ball 2-2: Ball 3-2: Ground out 5-3 (Groundball, 5, EV 101.2 MPH)
|
| Top of the 1st over - 0 runs, 0 hits, 0 errors, 0 left on base; Harrisburg 0 - Pensacola 0 |
| BOTTOM OF THE 1ST |
|
Pensacola Blue Wahoos batting - Pitching for Harrisburg Senators : RHP Josh Wellman
|
|
Pitching: RHP Josh Wellman
|
|
|
Batting: LHB Ralph Braine
|
0-0: Called Strike 0-1: Swinging Strike 0-2: Strikes out swinging
|
|
Batting: RHB Ryan Short
|
0-0: Ball 1-0: Swinging Strike 1-1: Ball 2-1: Ball 3-1: Swinging Strike 3-2: Reached on error, E5 (Groundball, 56S, EV 86.9 MPH)
|
|
Batting: LHB Matthew Berry
|
0-0: Ball 1-0: Called Strike 1-1: Grounds into double play, 4-6-3 (Groundball, 4, EV 106.9 MPH)
|
| Bottom of the 1st over - 0 runs, 0 hits, 1 error, 0 left on base; Harrisburg 0 - Pensacola 0 |
| TOP OF THE 2ND |
|
Harrisburg Senators batting - Pitching for Pensacola Blue Wahoos : RHP Jesus Moreno
|
|
Batting: LHB Chris Williams
|
0-0: SINGLE (Line Drive, 8LS, EV 108.8 MPH)
|
|
Batting: RHB Nate Dickinson
|
0-0: Ball 1-0: Foul Ball, location: 2F 1-1: Ball 2-1: Called Strike 2-2: Foul Ball, location: 2F 2-2: Strikes out swinging
|
|
Batting: RHB Pat Scaturro
|
0-0: Called Strike 0-1: Called Strike 0-2: Ball 1-2: Strikes out swinging
|
|
Batting: LHB Chance McWilliams
|
0-0: SINGLE (Groundball, 4MD, EV 104.4 MPH) Chris Williams to second Runner from 2nd tries for 3rd, SAFE, throw by CF made to third
|
|
Batting: SHB Curtis DeLille
|
0-0: Called Strike 0-1: Ball 1-1: Called Strike 1-2: Foul Ball, location: 2F 1-2: Ball 2-2: Strikes out looking
|
| Top of the 2nd over - 0 runs, 2 hits, 0 errors, 2 left on base; Harrisburg 0 - Pensacola 0 |
| BOTTOM OF THE 2ND |
|
Pensacola Blue Wahoos batting - Pitching for Harrisburg Senators : RHP Josh Wellman
|
|
Batting: RHB Andy Urquhart
|
0-0: Ball 1-0: Ball 2-0: Foul Ball, location: 2F 2-1: Ball 3-1: Ground out 6-3 (Groundball, 6, EV 88.1 MPH)
|
|
Batting: LHB John Wagner
|
0-0: Ground out 5-3 (Groundball, 56, EV 105.0 MPH)
|
|
Batting: RHB Mark Williams
|
0-0: Ground out U3 (Groundball, 34S, EV 81.9 MPH)
|
| Bottom of the 2nd over - 0 runs, 0 hits, 0 errors, 0 left on base; Harrisburg 0 - Pensacola 0 |
| TOP OF THE 3RD |
|
Harrisburg Senators batting - Pitching for Pensacola Blue Wahoos : RHP Jesus Moreno
|
|
Batting: RHB Antonio Vallez
|
0-0: Ball 1-0: Ball 2-0: Ball 3-0: Called Strike 3-1: SINGLE (Flyball, 9LS, EV 93.8 MPH)
|
|
Batting: LHB Vince McLane
|
0-0: Called Strike Antonio Vallez steals 2nd base 0-1: SINGLE (Groundball, 4MD, EV 97.5 MPH) Antonio Vallez to third Runner from 3rd tries for Home, SAFE, throw by CF to home
|
|
Batting: RHB Er Le
|
0-0: Ball 1-0: Ball 2-0: Called Strike 2-1: Foul Ball, location: 2F 2-2: Ball 3-2: Foul Ball, location: 2F 3-2: Strikes out swinging
|
|
Batting: LHB Kevin Kantor
|
0-0: Ball 1-0: Called Strike Vince McLane steals 2nd base (no throw) 1-1: Ball 2-1: Ball 3-1: SINGLE (Groundball, 4MD, EV 105.6 MPH) Vince McLane to third
|
|
Batting: LHB Chris Williams
|
0-0: Ball 1-0: Called Strike 1-1: Swinging Strike 1-2: Ball 2-2: Fielders Choice at 2nd, 4-6 (Groundball, 4, EV 80.0 MPH) Vince McLane scores
|
|
Batting: RHB Nate Dickinson
|
0-0: Ball 1-0: Called Strike 1-1: Swinging Strike 1-2: Ball 2-2: Foul Ball, location: 2F 2-2: Ball 3-2: DOUBLE (Line Drive, 9LS, EV 110.6 MPH) Chris Williams to third Chris Williams scores
|
|
Batting: RHB Pat Scaturro
|
0-0: Ball 1-0: Swinging Strike 1-1: Called Strike 1-2: Ground out 6-3 (Groundball, 6, EV 103.1 MPH)
|
| Top of the 3rd over - 3 runs, 4 hits, 0 errors, 1 left on base; Harrisburg 3 - Pensacola 0 |
| BOTTOM OF THE 3RD |
|
Pensacola Blue Wahoos batting - Pitching for Harrisburg Senators : RHP Josh Wellman
|
|
Batting: LHB Jorge Zarazua
|
0-0: Called Strike 0-1: Ball 1-1: Ball 2-1: Foul Ball, location: 2F 2-2: Ball 3-2: Reached on error, E3 (Groundball, 3S, EV 86.2 MPH)
|
|
Batting: RHB Luis Solorzano
|
0-0: Ball 1-0: Foul Ball, location: 2F 1-1: Ball 2-1: Ball 3-1: Swinging Strike 3-2: Foul Ball, location: 2F 3-2: Foul Ball, location: 2F 3-2: Fielders Choice at 2nd, 4-6 (Groundball, 34, EV 78.8 MPH)
|
|
Batting: RHB David Stayton
|
0-0: Foul Ball, location: 2F 0-1: Ball 1-1: Foul Ball, location: 2F 1-2: Ball 2-2: Fielders Choice at 2nd, 6-4 (Groundball, 6, EV 101.9 MPH)
|
|
Batting: LHB Ralph Braine
|
0-0: Called Strike 0-1: Foul Ball, location: 2F 0-2: Foul Ball, location: 2F 0-2: Foul Ball, location: 2F 0-2: Strikes out swinging
|
| Bottom of the 3rd over - 0 runs, 0 hits, 1 error, 1 left on base; Harrisburg 3 - Pensacola 0 |
| TOP OF THE 4TH |
|
Harrisburg Senators batting - Pitching for Pensacola Blue Wahoos : RHP Jesus Moreno
|
|
Batting: LHB Chance McWilliams
|
0-0: Fly out, F6 (Line Drive, 4M, EV 65.0 MPH)
|
|
Batting: SHB Curtis DeLille
|
0-0: Ball 1-0: Ball 2-0: Called Strike 2-1: Ball 3-1: Called Strike 3-2: Fly out, F7 (Flyball, 7D, EV 102.5 MPH)
|
|
Batting: RHB Antonio Vallez
|
0-0: Swinging Strike 0-1: Ball 1-1: Swinging Strike 1-2: Ball 2-2: Strikes out swinging
|
| Top of the 4th over - 0 runs, 0 hits, 0 errors, 0 left on base; Harrisburg 3 - Pensacola 0 |
| BOTTOM OF THE 4TH |
|
Pensacola Blue Wahoos batting - Pitching for Harrisburg Senators : RHP Josh Wellman
|
|
Batting: RHB Ryan Short
|
0-0: Ground out 1-3 (Groundball, 25, EV 63.8 MPH)
|
|
Batting: LHB Matthew Berry
|
0-0: Ground out 3-1 (Groundball, 34, EV 86.9 MPH)
|
|
Batting: RHB Andy Urquhart
|
0-0: Swinging Strike 0-1: Ball 1-1: Swinging Strike 1-2: Foul Ball, location: 2F 1-2: Foul Ball, location: 2F 1-2: Strikes out swinging
|
| Bottom of the 4th over - 0 runs, 0 hits, 0 errors, 0 left on base; Harrisburg 3 - Pensacola 0 |
| TOP OF THE 5TH |
|
Harrisburg Senators batting - Pitching for Pensacola Blue Wahoos : RHP Jesus Moreno
|
|
Batting: LHB Vince McLane
|
0-0: Ball 1-0: Foul Ball, location: 2F 1-1: Swinging Strike 1-2: Strikes out swinging
|
|
Batting: RHB Er Le
|
0-0: Called Strike 0-1: Ground out 6-3 (Groundball, 6, EV 87.5 MPH)
|
|
Batting: LHB Kevin Kantor
|
0-0: Ball 1-0: Ball 2-0: Ball 3-0: Called Strike 3-1: Base on Balls
|
|
Batting: LHB Chris Williams
|
0-0: Fly out, F8 (Flyball, 8LD, EV 103.1 MPH)
|
| Top of the 5th over - 0 runs, 0 hits, 0 errors, 1 left on base; Harrisburg 3 - Pensacola 0 |
| BOTTOM OF THE 5TH |
|
Pensacola Blue Wahoos batting - Pitching for Harrisburg Senators : RHP Josh Wellman
|
|
Batting: LHB John Wagner
|
0-0: Swinging Strike 0-1: Foul Ball, location: 2F 0-2: Strikes out swinging
|
|
Batting: RHB Mark Williams
|
0-0: Ball 1-0: Ground out 3-1 (Groundball, 34S, EV 78.8 MPH)
|
|
Batting: LHB Jorge Zarazua
|
0-0: Ball 1-0: Foul Ball, location: 2F 1-1: Ball 2-1: Ball 3-1: Base on Balls
|
|
Batting: RHB Luis Solorzano
|
0-0: Foul Ball, location: 2F 0-1: Called Strike 0-2: Fielders Choice at 2nd, U4 (Groundball, 4M, EV 105.6 MPH)
|
| Bottom of the 5th over - 0 runs, 0 hits, 0 errors, 1 left on base; Harrisburg 3 - Pensacola 0 |
| TOP OF THE 6TH |
|
Harrisburg Senators batting - Pitching for Pensacola Blue Wahoos : RHP Jesus Moreno
|
|
Batting: RHB Nate Dickinson
|
0-0: Ball 1-0: Foul Ball, location: 2F 1-1: Called Strike 1-2: Ball 2-2: Strikes out looking
|
|
Batting: RHB Pat Scaturro
|
0-0: Ground out 6-3 (Groundball, 56, EV 105.0 MPH)
|
|
Batting: LHB Chance McWilliams
|
0-0: Called Strike 0-1: Ball 1-1: Swinging Strike 1-2: Ground out 4-3 (Groundball, 4, EV 85.6 MPH)
|
| Top of the 6th over - 0 runs, 0 hits, 0 errors, 0 left on base; Harrisburg 3 - Pensacola 0 |
| BOTTOM OF THE 6TH |
|
Pensacola Blue Wahoos batting - Pitching for Harrisburg Senators : RHP Josh Wellman
|
|
Batting: RHB David Stayton
|
0-0: Foul Ball, location: 2F 0-1: SINGLE (Groundball, 4MD, EV 95.0 MPH)
|
|
Batting: LHB Ralph Braine
|
0-0: Ball 1-0: Foul Ball, location: 2F 1-1: Foul Ball, location: 2F 1-2: Ball 2-2: Fly out, F9 (Flyball, 9S, EV 93.1 MPH)
|
|
Batting: RHB Ryan Short
|
0-0: Called Strike 0-1: Ball 1-1: Foul Ball, location: 2F 1-2: Foul Ball, location: 2F 1-2: Ball 2-2: Grounds into double play, U6-3 (Groundball, 4MS, EV 83.1 MPH)
|
| Bottom of the 6th over - 0 runs, 1 hit, 0 errors, 0 left on base; Harrisburg 3 - Pensacola 0 |
| TOP OF THE 7TH |
|
Harrisburg Senators batting - Pitching for Pensacola Blue Wahoos : RHP Jesus Moreno
|
|
Pitching: LHP Yorihiko Honda
|
|
|
Batting: SHB Curtis DeLille
|
0-0: Ball 1-0: Called Strike 1-1: Fly out, F8 (Flyball, 8LXD, EV 111.2 MPH)
|
|
Batting: RHB Antonio Vallez
|
0-0: Ball 1-0: Ball 2-0: Foul Ball, location: 2F 2-1: Ball 3-1: Base on Balls
|
|
Batting: LHB Vince McLane
|
0-0: Ball 1-0: TRIPLE (Flyball, 8RXD, EV 102.5 MPH) Antonio Vallez scores
|
|
Batting: RHB Er Le
|
0-0: TRIPLE (Flyball, 89XD, EV 96.9 MPH) Vince McLane scores
|
|
Batting: LHB Kevin Kantor
|
0-0: TRIPLE (Flyball, 89XD, EV 108.1 MPH) Er Le scores
|
|
Pitching: LHP Davy Thorne
|
|
|
Batting: LHB Chris Williams
|
0-0: Ball 1-0: Swinging Strike 1-1: Swinging Strike 1-2: Strikes out swinging
|
|
Batting: RHB Nate Dickinson
|
0-0: Swinging Strike 0-1: Called Strike 0-2: Ball 1-2: Ball 2-2: Strikes out swinging
|
| Top of the 7th over - 3 runs, 3 hits, 0 errors, 1 left on base; Harrisburg 6 - Pensacola 0 |
| BOTTOM OF THE 7TH |
|
Pensacola Blue Wahoos batting - Pitching for Harrisburg Senators : RHP Josh Wellman
|
|
Batting: LHB Matthew Berry
|
0-0: Ball 1-0: Called Strike 1-1: Foul Ball, location: 2F 1-2: Foul Ball, location: 2F 1-2: Strikes out swinging
|
|
Batting: RHB Andy Urquhart
|
0-0: Fly out, F8 (Flyball, 8LD, EV 83.8 MPH)
|
|
Batting: LHB John Wagner
|
0-0: Foul Ball, location: 2F 0-1: Ball 1-1: Swinging Strike 1-2: Reached on error, E3 (Groundball, 3S, EV 80.6 MPH)
|
|
Batting: RHB Mark Williams
|
0-0: Ball 1-0: Ball 2-0: Fly out, F7 (Line Drive, 7, EV 97.5 MPH)
|
| Bottom of the 7th over - 0 runs, 0 hits, 1 error, 1 left on base; Harrisburg 6 - Pensacola 0 |
| TOP OF THE 8TH |
|
Harrisburg Senators batting - Pitching for Pensacola Blue Wahoos : LHP Davy Thorne
|
|
Batting: RHB Pat Scaturro
|
0-0: Foul Ball, location: 2F 0-1: Ball 1-1: Ball 2-1: Foul Ball, location: 2F 2-2: Strikes out looking
|
|
Batting: LHB Chance McWilliams
|
0-0: Called Strike 0-1: Ball 1-1: Swinging Strike 1-2: Strikes out swinging
|
|
Batting: SHB Curtis DeLille
|
0-0: Ground out 6-3 (Groundball, 6, EV 85.6 MPH)
|
| Top of the 8th over - 0 runs, 0 hits, 0 errors, 0 left on base; Harrisburg 6 - Pensacola 0 |
| BOTTOM OF THE 8TH |
|
Pensacola Blue Wahoos batting - Pitching for Harrisburg Senators : RHP Josh Wellman
|
|
Batting: LHB Jorge Zarazua
|
0-0: Ground out U3 (Groundball, 34, EV 86.2 MPH)
|
|
Batting: RHB Luis Solorzano
|
0-0: Called Strike 0-1: Called Strike 0-2: Ball 1-2: Ball 2-2: Ground out U3 (Groundball, 3L, EV 88.8 MPH)
|
|
Batting: RHB David Stayton
|
0-0: Swinging Strike 0-1: Ball 1-1: Foul Ball, location: 2F 1-2: Strikes out looking
|
| Bottom of the 8th over - 0 runs, 0 hits, 0 errors, 0 left on base; Harrisburg 6 - Pensacola 0 |
| TOP OF THE 9TH |
|
Harrisburg Senators batting - Pitching for Pensacola Blue Wahoos : LHP Davy Thorne
|
|
Batting: RHB Antonio Vallez
|
0-0: Ball 1-0: Foul Ball, location: 2F 1-1: Called Strike 1-2: Strikes out swinging
|
|
Batting: LHB Vince McLane
|
0-0: Called Strike 0-1: Ball 1-1: Called Strike 1-2: Ground out 4-3 (Groundball, 4, EV 90.6 MPH)
|
|
Batting: RHB Er Le
|
0-0: Called Strike 0-1: Foul Ball, location: 2F 0-2: Strikes out looking
|
| Top of the 9th over - 0 runs, 0 hits, 0 errors, 0 left on base; Harrisburg 6 - Pensacola 0 |
| BOTTOM OF THE 9TH |
|
Pensacola Blue Wahoos batting - Pitching for Harrisburg Senators : RHP Josh Wellman
|
|
Pitching: RHP Luis Astudillo
|
|
|
Batting: LHB Ralph Braine
|
0-0: Ball 1-0: Ground out 5-3 (Groundball, 56S, EV 76.2 MPH)
|
|
Batting: RHB Ryan Short
|
0-0: Ball 1-0: SINGLE (Groundball, 23, EV 73.1 MPH) (infield hit)
|
|
Batting: LHB Matthew Berry
|
0-0: Ball 1-0: Foul Ball, location: 2F 1-1: Grounds into double play, 3-6-1 (Groundball, 3S, EV 84.4 MPH)
|
| Bottom of the 9th over - 0 runs, 1 hit, 0 errors, 0 left on base; Harrisburg 6 - Pensacola 0 |
|